 Dungeon Crawl Stone Soup version 0.26-a0-259-g1effd001a9 (webtiles) character file.

Game seed: 13776634895318382953

4375 tognito the Severer (level 10, -15/115 HPs)
             Began as a Minotaur Berserker on July 27, 2020.
             Was a High Priest of Trog.
             Demolished by a two-headed ogre
             ... wielding a +0 dire flail
              (24 damage)
             ... on level 8 of the Dungeon.
             The game lasted 00:14:14 (7240 turns).

tognito the Severer (Minotaur Berserker)            Turns: 7240, Time: 00:14:15

Health: -15/115    AC: 13    Str: 28    XL:     10   Next: 13%
Magic:  9/9        EV:  7    Int:  4    God:    Trog [*****.]
Gold:   709        SH:  0    Dex:  9    Spells: 9/9 levels left

rFire    . . .     SeeInvis +   a - +0 battleaxe
rCold    . . .     Faith    .   (shield currently unavailable)
rNeg     . . .     Spirit   .   o - +0 plate armour
rPois    .         Reflect  .   (helmet restricted)
rElec    .         Harm     .   (no cloak)
rCorr    .         Clarity  +   k - +0 pair of gloves
MR       .....                  f - +0 pair of boots
Stlth    ..........             l - amulet of regeneration
HPRegen  0.69/turn              s - ring of see invisible
MPRegen  0.11/turn              (no ring)

@: berserking, lightly drained, very quick
A: retaliatory headbutt, horns 2, clarity, strong 1
a: Berserk, Trog's Hand, Brothers in Arms, Renounce Religion


You were on level 8 of the Dungeon.
You worshipped Trog.
Trog was extremely pleased with you.
You were not hungry.

You visited 1 branch of the dungeon, and saw 8 of its levels.
You also visited: Ossuary.

You collected 709 gold pieces.

Inventory:

Hand Weapons
 a - a +0 battleaxe (weapon)
Missiles
 g - 72 bolts
 h - 29 boomerangs (quivered)
Armour
 f - a +0 pair of boots (worn)
 k - a +0 pair of gloves (worn)
 o - a +0 plate armour (worn)
Jewellery
 l - an amulet of regeneration (around neck)
 s - a ring of see invisible (left hand)
Wands
 r - a wand of paralysis (9)
Scrolls
 b - 3 scrolls of enchant weapon {unknown}
 e - 2 scrolls of teleportation {unknown}
 i - 5 scrolls of immolation {unknown}
 j - 2 scrolls of fog {unknown}
 m - 9 scrolls of remove curse {unknown}
 n - 5 scrolls of identify {unknown}
 p - a scroll of fear {unknown}
 t - 6 scrolls of amnesia {unknown}
 u - a scroll of enchant armour {unknown}
Potions
 d - 3 potions of curing
 q - a potion of magic
 w - a potion of might
 x - a potion of heal wounds
Comestibles
 c - 27 rations


   Skills:
 - Level 3.6(3.2) Fighting
 * Level 16.6(16.2) Axes
 - Level 2.4(2.0) Armour
 - Level 2.1(1.8) Dodging


You had 9 spell levels left.
You didn't know any spells.
Your spell library was empty.

Dungeon Overview and Level Annotations

Branches:
Dungeon (8/15)             Temple (0/1) D:7         Ossuary (visited)
   Lair: D:8-11

Altars:
Hepliaklqana
Kikubaaqudgha
Trog
Uskayaw
Xom
Zin
The Shining One

Annotations:
D:3 Terence


Innate Abilities, Weirdness & Mutations

You reflexively headbutt those who attack you in melee.
You have a pair of horns on your head.
You possess an exceptional clarity of mind.
Your muscles are strong. (Str +2)


Message History

You closely miss the gnoll. x2; The gnoll hits you but does no damage. x2
The two-headed ogre hits you but does no damage.
The two-headed ogre hits you with a +0 giant spiked club!
You barely miss the two-headed ogre. You headbutt the two-headed ogre!
The two-headed ogre is severely wounded.
You hit the gnoll. You slash the gnoll!
The gnoll hits you but does no damage. x2
You hit the two-headed ogre.
The two-headed ogre is almost dead.
You closely miss the gnoll. x2
The two-headed ogre hits you with a +0 dire flail!
* * * LOW HITPOINT WARNING * * *
The two-headed ogre hits you with a +0 giant spiked club!
* * * LOW HITPOINT WARNING * * *
The gnoll hits you but does no damage.
A red film seems to cover your vision as you go berserk!
You feel yourself moving faster!
You feel mighty! The gnoll closely misses you.
The two-headed ogre hits you with a +0 dire flail.
* * * LOW HITPOINT WARNING * * *
The two-headed ogre hits you with a +0 giant spiked club!!
You die...

................
................... .
#.................. ..
#..................
...
#.........)).......
..##..........).......
............).......
#Ogg...............
#.@)...............
#.#................
#.#$...............
#..................
#...................
......................
...)..................
......................
......................


You could see a two-headed ogre and 2 gnolls.

Vanquished Creatures
  Pikel (D:6)
  Psyche (D:8)
  Sigmund (D:3)
  4 hogs (D:7)
  A human (D:7)
  4 orc warriors
  A sky beast (D:7)
  An ogre (D:8)
  2 ice beasts
  A centaur (D:6)
  A big kobold (D:7)
  A gnoll sergeant (D:8)
  4 killer bees (D:6)
  8 wights
  3 howler monkeys
  2 hounds
  7 orc priests
  A centaur skeleton (D:6)
  A jelly (D:5)
  A bullfrog skeleton (D:6)
  5 orc wizards
  Natasha (thrice) (D:4)
  4 worker ants
  A big kobold zombie (Ossuary)
  A hound zombie (D:7)
  A hound skeleton (D:6)
  9 mummies
  Robin (D:4)
  8 gnolls
  8 adders
  5 howler monkey skeletons
  2 shadow imps (D:6)
  A white imp (D:5)
  3 ufetubi
  An ooze (D:4)
  2 worms
  4 dart slugs
  3 leopard geckos
  29 orcs
  5 ball pythons
  4 giant cockroaches
  10 goblins
  13 hobgoblins
  8 jackals
  3 quokkas
  8 bats
  5 frilled lizards
  A goblin zombie (D:7)
  2 hobgoblin zombies
  9 kobolds
  A kobold zombie (Ossuary)
  5 orc zombies (Ossuary)
  A quokka skeleton (D:5)
  9 rats
221 creatures vanquished.

Notes
Turn   | Place    | Note
-------+----------+-------------------------------------------
     0 | D:1      | tognito the Minotaur Berserker began the quest for the Orb.
     0 | D:1      | Reached XP level 1. HP: 19/19 MP: 0/0
    36 | D:1      | Reached skill level 4 in Axes
   199 | D:1      | Reached XP level 2. HP: 19/26 MP: 1/1
   700 | D:1      | Reached skill level 5 in Axes
   725 | D:1      | Reached ** piety under Trog
   952 | D:1      | Reached XP level 3. HP: 31/31 MP: 2/2
  2034 | D:2      | Found a shimmering altar of Xom.
  2034 | D:2      | Found a glowing silver altar of Zin.
  2034 | D:2      | Noticed an angel
  2039 | D:2      | Reached skill level 6 in Axes
  2039 | D:2      | Reached XP level 4. HP: 34/39 MP: 3/3
  2746 | D:3      | Reached skill level 7 in Axes
  2746 | D:3      | Reached XP level 5. HP: 28/45 MP: 4/4
  2927 | D:3      | Noticed Sigmund
  2944 | D:3      | Killed Sigmund
  2944 | D:3      | Reached skill level 8 in Axes
  2944 | D:3      | Reached XP level 6. HP: 19/51 MP: 5/5
  3040 | D:3      | Noticed Terence
  3397 | D:4      | Gained mutation: Your muscles are strong. (Str +2) [potion
                  | of mutation]
  3397 | D:4      | Gained mutation: You possess an exceptional clarity of
                  | mind. [potion of mutation]
  3475 | D:4      | Reached *** piety under Trog
  3634 | D:4      | Found an ancient bone altar of Kikubaaqudgha.
  3710 | D:4      | Noticed Natasha
  3716 | D:4      | Killed Natasha
  3716 | D:4      | Reached skill level 9 in Axes
  3738 | D:4      | Noticed Robin
  3752 | D:4      | Killed Robin
  3905 | D:4      | Found a bloodstained altar of Trog.
  3906 | D:4      | Found a glowing golden altar of the Shining One.
  4194 | D:5      | Entered Level 5 of the Dungeon
  4351 | D:5      | Reached XP level 7. HP: 57/57 MP: 6/6
  4450 | D:5      | Reached skill level 10 in Axes
  4510 | D:5      | Found a hide-covered altar of Uskayaw.
  4818 | D:5      | Reached **** piety under Trog
  4867 | D:4      | Noticed Natasha
  4874 | D:4      | Killed Natasha
  5244 | D:6      | Reached skill level 11 in Axes
  5248 | D:6      | Reached XP level 8. HP: 44/64 MP: 7/7
  5251 | D:6      | Reached skill level 12 in Axes
  5444 | D:6      | Noticed Pikel
  5454 | D:6      | Killed Pikel
  5454 | D:6      | Reached skill level 13 in Axes
  5461 | D:6      | Reached XP level 9. HP: 37/70 MP: 8/8
  5577 | D:6      | Found a hide-covered altar of Uskayaw.
  5603 | D:6      | Found a hazy altar of Hepliaklqana.
  5754 | D:6      | Reached skill level 14 in Axes
  5959 | D:4      | Noticed Natasha
  5965 | D:4      | Killed Natasha
  6250 | D:7      | Reached ***** piety under Trog
  6347 | D:7      | Reached skill level 15 in Axes
  6351 | D:7      | Found a sand-covered staircase.
  6357 | Ossuary  | Entered an ossuary
  6586 | D:7      | Found a staircase to the Ecumenical Temple.
  6838 | D:7      | Reached skill level 16 in Axes
  7058 | D:8      | Noticed Psyche
  7068 | D:8      | Killed Psyche
  7068 | D:8      | Reached XP level 10. HP: 63/77 MP: 9/9
  7228 | D:8      | Noticed a two-headed ogre
  7240 | D:8      | Demolished by a two-headed ogre

Illustrated notes

Levels and vault maps discovered:
D:1:      wander_arrival_estate, layout_basic
D:2:      layout_basic, grunt_temple_overflow_order_and_chaos_1
D:3:      layout_rooms, uniq_sigmund, uniq_terence
D:4:      layout_gridville, tso_oasis_becter, kennysheep_mini_moat, bloody_trog,
          uniq_natasha, uniq_robin
D:5:      layout_basic, marbit_many_paths, first_ration
D:6:      layout_cave_pools, kennysheep_mini, basic_altar, corner_web_ring,
          minmay_misc_feat_ornament, uniq_pikel
D:7:      layout_basic, minmay_temple_entry_arrows, nicolae_ossuary_entry_giza,
          grunt_livestock, columned_hall_lemuel
D:8:      layout_layer_cave, uniq_psyche

Skill      XL: |  1  2  3  4  5  6  7  8  9 |
---------------+----------------------------+-----
Axes           | 4 5 6 7 8 9 11 13 16 | 16.6
Fighting       | |  3.6
Armour         | |  2.4
Dodging        | |  2.1

Action                   |  1- 3 |  4- 6 |  7- 9 | 10-12 || total
-------------------------+-------+-------+-------+-------++-------
Melee: Hand axe          |    83 |   107 |   100 |       ||   290
       Headbutt          |    16 |    18 |    50 |     9 ||    93
       War axe           |       |       |     3 |       ||     3
       Battleaxe         |       |       |   131 |    25 ||   156
Throw: Boomerang         |       |     5 |       |    13 ||    18
Invok: Berserk           |       |       |     3 |     1 ||     4
  Use: Potion            |     1 |     4 |     4 |       ||     9
 Stab: Sleeping          |     1 |       |       |       ||     1
  Eat: Ration            |     1 |     2 |     3 |       ||     6
Armor: Animal skin       |     8 |       |       |       ||     8
       Ring mail         |    15 |    35 |       |       ||    50
       Plate armour      |       |     4 |   173 |     9 ||   186
Dodge: Dodged            |    53 |    61 |    97 |    10 ||   221

Table legend:
 A = Non-vault XP
 B = Vault XP
 C = Vault XP percentage of total XP
 D = Non-vault monster count
 E = Vault monster count
 F = Vault count percentage of total count
                 A         B        C        D         E       F
            +---------+---------+-------+---------+---------+-------
      Total |    3736 |    2515 |  40.2 |     181 |      40 |  18.1
            +---------+---------+-------+---------+---------+-------
        D:1 |      49 |       0 |   0.0 |      28 |       0 |   0.0
        D:2 |      98 |       0 |   0.0 |      26 |       0 |   0.0
        D:3 |      85 |     223 |  72.4 |      19 |       1 |   5.0
        D:4 |     202 |      69 |  25.5 |      11 |      12 |  52.2
        D:5 |     416 |      14 |   3.3 |      23 |       1 |   4.2
        D:6 |    1445 |     629 |  30.3 |      40 |       1 |   2.4
        D:7 |     925 |     987 |  51.6 |      24 |       8 |  25.0
        D:8 |     516 |     418 |  44.8 |      10 |       1 |   9.1
    Ossuary |       0 |     175 | 100.0 |       0 |      16 | 100.0
            +---------+---------+-------+---------+---------+-------
